[ PARTIDA AOE2 · #469388778 ]
UnrankedCumanos vs Goths
Equipo del jugador · DERR
Equipo rival · VICT
[ ANÁLISIS DE REPETICIÓN · EXTRAÍDO DE LA PARTIDA GRABADA ]
Feudal
12:10
Castillos
24:48
Imperial
—
| APM promedio | 39.7 |
| APM pico | 64 |
| eAPM promedio | 22.9 |
| Aldeanos / militares | 54 / 0 |
Foco
⚔️ 30.8% · 🌾 69.2%
Fishing Ship ×19 · Unknown (2626) ×11
Feudal
11:39
Castillos
16:08
Imperial
—
| APM promedio | 46.3 |
| APM pico | 82 |
| eAPM promedio | 18.5 |
| Aldeanos / militares | 53 / 31 |
Foco
⚔️ 43.9% · 🌾 56.1%
Huskarl ×24 · Fishing Ship ×8 · Mangonel ×7 · Unknown (2626) ×2
Mapa de la partida
Recursos iniciales + cada clic de construcción. Líneas = muros · curvas = relieve. ◆ oro · ⬟ piedra · ● bayas · ✦ reliquia · ◌ hueco del cierre
Tu base· Abierta — flanco sin cerrar
Base de [Nors] °Andy°· Abierta — hueco de 11t
Terreno inicial suavizado · ◌ = hueco del cierre detectado · pasá el cursor para detalles
Inputs por minuto
— Franot - - [Nors] °Andy°
Build order — Franot
146 acciones detectadas en el replay
| 0:07 | Construir | Town Center |
| 2:00 | Construir | House |
| 2:06 | Crear | Villager (Male) |
| 2:07 | Crear | Villager (Male) |
| 2:07 | Crear | Villager (Male) |
| 2:07 | Crear | Villager (Male) |
| 2:29 | Construir | Dock |
| 3:22 | Crear | Fishing Ship |
| 3:22 | Crear | Fishing Ship |
| 3:45 | Construir | House |
| 3:49 | Investigar | Loom |
| 4:15 | Crear | Villager (Male) |
| 4:46 | Crear | Villager (Male) |
| 4:47 | Crear | Villager (Male) |
| 5:28 | Crear | Villager (Male) |
| 5:28 | Crear | Villager (Male) |
| 5:53 | Crear | Fishing Ship |
| 5:54 | Crear | Villager (Male) |
| 6:01 | Construir | House |
| 6:24 | Crear | Villager (Male) |
| 6:32 | Crear | Villager (Male) |
| 7:07 | Crear | Fishing Ship |
| 7:11 | Crear | Villager (Male) |
| 7:24 | Construir | House |
| 7:37 | Crear | Fishing Ship |
| 7:55 | Crear | Villager (Male) |
| 8:24 | Construir | Lumber Camp |
| 8:26 | Crear | Villager (Male) |
| 8:30 | Construir | Palisade Wall |
| 8:43 | Crear | Villager (Male) |
| 8:47 | Crear | Villager (Male) |
| 8:57 | Construir | House |
| 9:07 | Crear | Villager (Male) |
| 9:07 | Crear | Fishing Ship |
| 9:14 | Crear | Villager (Male) |
| 9:21 | Crear | Villager (Male) |
| 9:22 | Crear | Villager (Male) |
| 9:28 | Crear | Villager (Male) |
| 9:41 | Construir | House |
| 10:00 | Investigar | Feudal Age |
| 10:19 | Construir | Dock |
| 10:48 | Construir | Mining Camp |
| 11:40 | Construir | House |
| 11:51 | Construir | Dock |
| 11:57 | Crear | Villager (Male) |
| 12:02 | Construir | Outpost |
| 12:10 | Edad | Edad Feudal |
| 12:11 | Investigar | Town Watch |
| 12:11 | Investigar | Town Watch |
| 12:15 | Crear | Unit 2626 |
| 12:19 | Investigar | Double-Bit Axe |
| 12:26 | Crear | Villager (Male) |
| 12:41 | Crear | Unit 2626 |
| 12:47 | Crear | Villager (Male) |
| 12:49 | Crear | Villager (Male) |
| 12:58 | Crear | Unit 2626 |
| 13:18 | Crear | Villager (Male) |
| 13:19 | Crear | Unit 2626 |
| 13:20 | Crear | Unit 2626 |
| 13:38 | Construir | Outpost |
| 13:40 | Construir | Outpost |
| 13:41 | Construir | Outpost |
| 14:07 | Crear | Fishing Ship |
| 14:07 | Crear | Fishing Ship |
| 14:07 | Crear | Fishing Ship |
| 14:09 | Crear | Villager (Male) |
| 14:12 | Construir | House |
| 14:26 | Investigar | Wheelbarrow |
| 14:58 | Construir | Town Center |
| 15:00 | Crear | Villager (Male) |
| 15:17 | Construir | House |
| 15:30 | Construir | Palisade Wall |
| 15:33 | Construir | Palisade Wall |
| 15:33 | Construir | Palisade Wall |
| 15:44 | Crear | Villager (Male) |
| 15:52 | Crear | Unit 2626 |
| 15:52 | Crear | Unit 2626 |
| 15:53 | Crear | Unit 2626 |
| 16:33 | Crear | Villager (Male) |
| 16:50 | Crear | Villager (Male) |
| 16:52 | Crear | Unit 2626 |
| 16:53 | Crear | Unit 2626 |
| 16:53 | Crear | Unit 2626 |
| 16:57 | Crear | Villager (Male) |
| 16:58 | Crear | Villager (Male) |
| 17:10 | Construir | House |
| 17:10 | Crear | Villager (Male) |
| 17:11 | Crear | Villager (Male) |
| 17:19 | Construir | House |
| 17:21 | Construir | House |
| 17:25 | Crear | Villager (Male) |
| 17:27 | Crear | Villager (Male) |
| 17:29 | Construir | Palisade Wall |
| 17:31 | Construir | Palisade Wall |
| 17:49 | Crear | Fishing Ship |
| 17:49 | Crear | Fishing Ship |
| 17:50 | Crear | Fishing Ship |
| 17:50 | Crear | Fishing Ship |
| 17:53 | Crear | Villager (Male) |
| 17:56 | Crear | Villager (Male) |
| 18:05 | Construir | Mill |
| 18:27 | Construir | Blacksmith |
| 18:28 | Crear | Villager (Male) |
| 18:34 | Construir | Outpost |
| 18:41 | Crear | Villager (Male) |
| 18:53 | Crear | Fishing Ship |
| 18:54 | Crear | Fishing Ship |
| 19:11 | Construir | Outpost |
| 19:34 | Construir | Market |
| 19:36 | Investigar | Fletching |
| 19:46 | Construir | Dock |
| 19:50 | Crear | Villager (Male) |
| 19:56 | Crear | Villager (Male) |
| 20:22 | Crear | Villager (Male) |
| 20:25 | Crear | Villager (Male) |
| 20:28 | Crear | Villager (Male) |
| 20:34 | Crear | Villager (Male) |
| 20:37 | Crear | Villager (Male) |
| 20:39 | Crear | Villager (Male) |
| 20:55 | Construir | House |
| 21:37 | Construir | Watch Tower |
| 21:38 | Construir | Palisade Wall |
| 21:38 | Construir | Palisade Wall |
| 21:39 | Construir | Palisade Wall |
| 21:39 | Construir | Palisade Wall |
| 21:47 | Crear | Fishing Ship |
| 21:48 | Crear | Fishing Ship |
| 21:48 | Crear | Fishing Ship |
| 22:08 | Investigar | Castle Age |
| 22:19 | Construir | Siege Workshop |
| 22:19 | Crear | Villager (Male) |
| 22:32 | Crear | Fishing Ship |
| 23:04 | Crear | Villager (Male) |
| 23:06 | Construir | House |
| 23:14 | Construir | Palisade Wall |
| 23:18 | Construir | Palisade Wall |
| 23:19 | Crear | Villager (Male) |
| 23:58 | Construir | Palisade Wall |
| 24:03 | Crear | Villager (Male) |
| 24:08 | Construir | Palisade Wall |
| 24:48 | Edad | Edad de los Castillos |
| 26:03 | Construir | Castle |
| 26:40 | Construir | Palisade Wall |
| 26:42 | Construir | Palisade Wall |
| 26:43 | Construir | Palisade Wall |
| 26:45 | Construir | Palisade Wall |
Build order — [Nors] °Andy°
128 acciones detectadas en el replay
| 0:02 | Construir | Town Center |
| 0:15 | Construir | House |
| 0:50 | Construir | Dock |
| 0:57 | Construir | Palisade Wall |
| 0:59 | Construir | Palisade Wall |
| 2:12 | Crear | Villager (Male) ×4 |
| 3:11 | Investigar | Loom |
| 3:16 | Crear | Fishing Ship |
| 3:42 | Crear | Villager (Male) |
| 3:42 | Crear | Villager (Male) |
| 4:06 | Construir | House |
| 4:39 | Crear | Fishing Ship |
| 4:46 | Crear | Villager (Male) |
| 5:14 | Crear | Villager (Male) |
| 5:35 | Crear | Villager (Male) |
| 5:39 | Construir | House |
| 5:40 | Crear | Fishing Ship |
| 5:41 | Crear | Fishing Ship |
| 6:07 | Crear | Villager (Male) |
| 6:22 | Crear | Fishing Ship |
| 6:33 | Crear | Villager (Male) |
| 6:50 | Crear | Villager (Male) |
| 7:05 | Crear | Villager (Male) |
| 7:10 | Construir | House |
| 7:14 | Crear | Fishing Ship |
| 7:37 | Crear | Villager (Male) |
| 7:51 | Crear | Fishing Ship |
| 7:51 | Crear | Fishing Ship |
| 7:59 | Crear | Villager (Male) |
| 8:39 | Crear | Villager (Male) |
| 8:46 | Construir | Lumber Camp |
| 8:53 | Crear | Villager (Male) |
| 9:27 | Investigar | Feudal Age |
| 9:38 | Construir | Mining Camp |
| 10:21 | Construir | Mill |
| 10:28 | Construir | House |
| 11:39 | Edad | Edad Feudal |
| 11:40 | Crear | Villager (Male) |
| 11:42 | Construir | Market |
| 11:51 | Construir | Blacksmith |
| 12:13 | Crear | Villager (Male) |
| 13:11 | Crear | Unit 2626 |
| 13:28 | Investigar | Castle Age |
| 13:31 | Construir | Mining Camp |
| 14:00 | Construir | Dock |
| 14:08 | Construir | Outpost |
| 15:00 | Crear | Villager (Male) |
| 15:01 | Crear | Villager (Male) |
| 16:08 | Edad | Edad de los Castillos |
| 16:12 | Construir | Palisade Wall |
| 16:15 | Crear | Villager (Male) |
| 17:02 | Construir | Castle |
| 17:12 | Crear | Villager (Male) |
| 17:15 | Crear | Villager (Male) |
| 17:15 | Crear | Villager (Male) |
| 17:39 | Crear | Unit 2626 |
| 18:04 | Investigar | Double-Bit Axe |
| 18:33 | Crear | Villager (Male) |
| 18:37 | Crear | Huskarl |
| 18:37 | Crear | Huskarl |
| 18:37 | Crear | Huskarl |
| 18:46 | Construir | Outpost |
| 18:48 | Crear | Villager (Male) |
| 19:14 | Construir | Siege Workshop |
| 19:28 | Crear | Huskarl |
| 19:28 | Crear | Huskarl |
| 19:39 | Crear | Villager (Male) |
| 19:56 | Crear | Mangonel |
| 19:56 | Crear | Mangonel |
| 20:12 | Construir | Lumber Camp |
| 20:12 | Crear | Villager (Male) |
| 20:12 | Crear | Villager (Male) |
| 20:48 | Crear | Villager (Male) |
| 20:48 | Crear | Villager (Male) |
| 20:50 | Crear | Mangonel |
| 20:51 | Crear | Mangonel |
| 20:51 | Crear | Mangonel |
| 20:59 | Construir | Farm |
| 21:25 | Crear | Villager (Male) |
| 21:39 | Crear | Huskarl |
| 21:39 | Crear | Huskarl |
| 21:41 | Crear | Villager (Male) |
| 21:41 | Crear | Villager (Male) |
| 22:09 | Crear | Mangonel |
| 22:09 | Crear | Mangonel |
| 22:11 | Crear | Villager (Male) |
| 22:11 | Crear | Villager (Male) |
| 22:15 | Crear | Villager (Male) |
| 22:15 | Crear | Villager (Male) |
| 22:23 | Construir | Farm |
| 22:25 | Construir | Farm |
| 22:29 | Construir | Farm |
| 22:36 | Crear | Villager (Male) |
| 22:36 | Crear | Villager (Male) |
| 22:40 | Crear | Huskarl |
| 22:40 | Crear | Huskarl |
| 22:40 | Crear | Huskarl |
| 23:02 | Crear | Huskarl |
| 23:02 | Crear | Huskarl |
| 23:37 | Crear | Villager (Male) |
| 23:47 | Crear | Huskarl |
| 23:47 | Crear | Huskarl |
| 23:47 | Crear | Huskarl |
| 24:09 | Crear | Villager (Male) |
| 24:09 | Crear | Villager (Male) |
| 24:23 | Construir | Mining Camp |
| 24:25 | Crear | Villager (Male) |
| 24:25 | Crear | Villager (Male) |
| 24:34 | Crear | Huskarl |
| 24:34 | Crear | Huskarl |
| 24:35 | Crear | Huskarl |
| 25:00 | Crear | Huskarl |
| 25:00 | Crear | Huskarl |
| 25:00 | Crear | Huskarl |
| 25:05 | Crear | Villager (Male) |
| 25:20 | Crear | Villager (Male) |
| 25:32 | Construir | House |
| 25:37 | Construir | Farm |
| 25:38 | Construir | Farm |
| 25:53 | Crear | Villager (Male) |
| 25:53 | Crear | Villager (Male) |
| 26:21 | Crear | Villager (Male) |
| 26:25 | Crear | Huskarl |
| 26:26 | Crear | Huskarl |
| 26:26 | Crear | Huskarl |
| 26:27 | Crear | Villager (Male) |
| 26:27 | Crear | Villager (Male) |
| 26:30 | Construir | Town Center |
Cronología de la partida
| 0:50 | [Nors] °Andy° · first_building Dock |
| 0:57 | [Nors] °Andy° · wall_segment Palisade Wall x1 |
| 0:59 | [Nors] °Andy° · wall_segment Palisade Wall x1 |
| 2:29 | Franot · first_building Dock |
| 8:30 | Franot · wall_segment Palisade Wall x1 |
| 11:39 | [Nors] °Andy° · age_up feudal |
| 12:10 | Franot · age_up feudal |
| 15:30 | Franot · wall_segment Palisade Wall x1 |
| 15:33 | Franot · wall_segment Palisade Wall x1 |
| 15:33 | Franot · wall_segment Palisade Wall x1 |
| 16:08 | [Nors] °Andy° · age_up castle |
| 16:12 | [Nors] °Andy° · wall_segment Palisade Wall x1 |
| 17:02 | [Nors] °Andy° · first_building Castle |
| 17:29 | Franot · wall_segment Palisade Wall x2 |
| 17:31 | Franot · wall_segment Palisade Wall x1 |
| 19:12 | [Nors] °Andy° · first_market_buy 100 wood |
| 19:14 | [Nors] °Andy° · first_building Siege Workshop |
| 21:02 | Franot · first_market_sell 500 stone |
| 21:07 | Franot · first_market_buy 100 food |
| 21:37 | [Nors] °Andy° · first_market_sell 100 stone |
| 21:38 | Franot · wall_segment Palisade Wall x1 |
| 21:38 | Franot · wall_segment Palisade Wall x1 |
| 21:39 | Franot · wall_segment Palisade Wall x1 |
| 21:39 | Franot · wall_segment Palisade Wall x1 |
| 22:19 | Franot · first_building Siege Workshop |
| 23:14 | Franot · wall_segment Palisade Wall x1 |
| 23:18 | Franot · wall_segment Palisade Wall x1 |
| 23:58 | Franot · wall_segment Palisade Wall x1 |
| 24:08 | Franot · wall_segment Palisade Wall x1 |
| 24:48 | Franot · age_up castle |
| 26:03 | Franot · first_building Castle |
| 26:40 | Franot · wall_segment Palisade Wall x1 |
| 26:42 | Franot · wall_segment Palisade Wall x1 |
| 26:43 | Franot · wall_segment Palisade Wall x1 |
| 26:45 | Franot · wall_segment Palisade Wall x1 |
| 26:58 | Franot · resign |
[ ANÁLISIS IA · 1 CRÉDITO ]
¿Qué pasó realmente en esta partida?
Wolo.gg analiza cada decisión: build order, eco, micro, errores típicos por bracket. Análisis personalizado por WhatsApp o Discord en 30 segundos.
Guía civ
Cumanos
Perfil
Jugador #2223786